 Dungeon Crawl Stone Soup version 0.31-a0-1612-g4aaf141004 (webtiles) character file.

Game seed: 4493751749790332533

9493 dorian the Protected (level 11, 0/148 HPs)
             Began as an Armataur Berserker on Jan 9, 2024.
             Was an Elder of Trog.
             Slain by a troll simulacrum (3 damage)
             ... in an ice cave.
             The game lasted 00:18:01 (8613 turns).

dorian the Protected (Armataur Berserker)           Turns: 8613, Time: 00:18:02

Health: 0/148      AC: 15    Str: 27    XL:     11   Next: 23%
Magic:  11/11      EV:  9    Int: 12    God:    Trog [****..]
Gold:   551        SH:  0    Dex:  9    Spells: 10/10 levels left

rFire   + . .        D - +2 mace (heavy)
rCold   + + .        (no shield)
rNeg    . . .        o - +3 ring mail {rF+}
rPois   +            q - +1 helmet
rElec   .            r - +0 cloak
rCorr   .            (no gloves)
SInv    +            (no barding)
Will    ++...        y - amulet of regeneration Stlth
                     k - ring of Galug {rPois rC+ Int+4 SInv}
HPRegen 2.24/turn    v - ring of protection from cold
MPRegen 0.12/turn

%: roll
@: berserking, strong-willed, regenerating, very quick
A: large, deformed body, tough skin 3, armoured tail, roll 2
a: Renounce Religion, Berserk, Trog's Hand, Brothers in Arms


You were in an ice cave.
You worshipped Trog.
Trog was greatly pleased with you.
You visited 1 branch of the dungeon, and saw 11 of its levels.
You also visited: Ossuary and Ice Cave.

You collected 551 gold pieces.

Inventory:

Hand Weapons
 n - a +5 club of electrocution
 D - a +2 heavy mace (weapon)
Missiles
 C - 5 boomerangs (quivered)
Armour
 o - a +3 ring mail of fire resistance (worn)
 q - a +1 helmet (worn)
 r - a +0 cloak (worn)
Jewellery
 e - a ring of protection from fire
 k - the ring of Galug (left hand) {rPois rC+ Int+4 SInv}
   (You acquired it on level 4 of the Dungeon)

   [ring of poison resistance]

   Int+4:     It affects your intelligence (+4).
   rC+:       It protects you from cold.
   rPois:     It protects you from poison SInv: It lets you see invisible.
 p - a +4 ring of protection
 v - a ring of protection from cold (right hand)
 y - an amulet of regeneration (around neck)
Wands
 m - a wand of quicksilver (8)
 B - a wand of iceblast (3)
 E - a wand of mindburst (2)
Scrolls
 b - a scroll of vulnerability
 c - 6 scrolls of enchant armour
 f - 2 scrolls of brand weapon
 g - a scroll of revelation
 l - 5 scrolls of teleportation
 t - 4 scrolls of fog
 w - 2 scrolls of identify
 A - 3 scrolls of poison
Potions
 a - a potion of cancellation {unknown}
 d - a potion of mutation
 h - 3 potions of berserk rage
 i - a potion of heal wounds
 j - 2 potions of enlightenment
 s - 5 potions of curing
 u - 2 potions of resistance
 x - 3 potions of might
 z - a potion of invisibility


   Skills:
 + Level 10.0 Fighting
 + Level 9.8 Maces & Flails
 + Level 12.3 Armour
 - Level 1.3 Dodging


You had 10 spell levels left.
You didn't know any spells.
Your spell library was empty.

Dungeon Overview and Level Annotations

Branches:
Dungeon (11/15)            Temple (0/1) D:6            Lair (0/5) D:11
    Orc (0/2) D:9         Ossuary (visited)           IceCv (1/1)

Altars:
Elyvilon
Sif Muna
Uskayaw
Wu Jian
The Shining One

Shops:
D:5 =

Annotations:
D:4 2 transporters, flestrin's ghost, amateur KoHu
D:6 1 runed translucent door, Mll's ghost, novice GrBe
D:9 3 runed translucent doors, Melkor's ghost, novice OnWr


Innate Abilities, Weirdness & Mutations

Armour fits poorly on your strangely shaped body.
You have extremely tough skin. (AC +3)
You have a long armoured tail.
You regenerate magic and health when rolling toward enemies. (Rampage Regen)


Message History

You feel much better. The troll simulacrum bites you!
* * * LOW HITPOINT WARNING * * *
The troll simulacrum freezes you. You resist.
* * * LOW HITPOINT WARNING * * *
The troll simulacrum barely misses you.
The troll simulacrum claws you but does no damage.
The naga simulacrum hits you but does no damage.
The naga simulacrum constricts you.
* * * LOW HITPOINT WARNING * * *
Unknown command.
A red film seems to cover your vision as you go berserk!
You feel yourself moving faster!
You feel mighty! The troll simulacrum barely misses you.
The troll simulacrum closely misses you.
The troll simulacrum claws you but does no damage.
The naga simulacrum hits you but does no damage.
The naga simulacrum constricts you.
* * * LOW HITPOINT WARNING * * *
You bludgeon the naga simulacrum!!
The naga simulacrum vaporises!
Trog accepts your kill. The troll simulacrum bites you.
* * * LOW HITPOINT WARNING * * *
The troll simulacrum freezes you. You resist.
* * * LOW HITPOINT WARNING * * *
The troll simulacrum barely misses you.
The troll simulacrum claws you but does no damage.
You hit the troll simulacrum.
The troll simulacrum is moderately damaged.
You barely miss the troll simulacrum.
The troll simulacrum is moderately damaged.
The troll simulacrum bites you!
* * * LOW HITPOINT WARNING * * *
The troll simulacrum freezes you. You resist.
* * * LOW HITPOINT WARNING * * *
The troll simulacrum claws you but does no damage.
The troll simulacrum claws you.
* * * LOW HITPOINT WARNING * * *
The troll simulacrum freezes you. You resist.
You die...

○§.#..##..#.#....#.#
§§☼#...##...##..#.##
....##...#..#≈##...#
.....##..##.##≈##..#
###.####≈≈####
####....#≈≈##
##.######.#≈≈#
#..Z#.####.#≈≈#
#.#@...#.#.####
#.##.#.#.##.# Z#
###...##.# ZZ
##.#.#.# #.# ###...#
#. ##..# .. ####


You could see a troll simulacrum.

Vanquished Creatures
  Erica (D:9)
  2 two-headed ogres (D:10)
  An unseen horror (D:10)
  A kobold demonologist (D:10)
  2 trolls (D:10)
  9 yaks (D:8)
  3 wyverns (D:10)
  A steam dragon (D:8)
  A water moccasin (D:6)
  3 orc warriors (D:9)
  3 sky beasts
  An ice beast (D:7)
  3 centaurs
  2 ogres
  2 phantoms
  3 elf zombies (Ossuary)
  2 bullfrogs (D:8)
  2 scorpions
  A cane toad simulacrum (IceCv)
  6 two-headed ogre simulacra (IceCv)
  8 wights
  An elephant simulacrum (IceCv)
  5 killer bees (D:9)
  3 howler monkeys (D:8)
  2 bombardier beetles
  5 hounds
  5 jellies
  4 human zombies (Ossuary)
  8 orc priests
  3 centaur zombies (Ossuary)
  3 gnoll boudas
  Ijyb (D:3)
  3 iguanas
  11 orc wizards
  A polar bear simulacrum (IceCv)
  4 spriggan simulacra (IceCv)
  6 troll simulacra (IceCv)
  A crocodile zombie (Ossuary)
  3 mummies (Ossuary)
  16 gnolls
  3 naga simulacra (IceCv)
  2 adders (D:2)
  A shadow imp (D:8)
  6 white imps
  5 ufetubi
  2 dart slugs
  3 ribbon worms
  23 orcs
  11 ball pythons
  7 bats
  7 endoplasms
  A giant cockroach (D:4)
  7 goblins
  8 hobgoblins
  8 jackals
  5 kobolds
  2 quokkas
  4 frilled lizards
  2 quokka zombies (D:5)
  8 rats
257 creatures vanquished.

Vanquished Creatures (others)
  An orc warrior (D:8)
  2 orcs (D:8)
3 creatures vanquished.

Grand Total: 260 creatures vanquished

Notes
Turn   | Place    | Note
-------+----------+-------------------------------------------
     0 | D:1      | dorian the Armataur Berserker began the quest for the Orb.
     0 | D:1      | Reached XP level 1. HP: 18/18 MP: 1/1
    66 | D:1      | Reached XP level 2. HP: 25/25 MP: 2/2
   292 | D:1      | Reached skill level 3 in Armour
   420 | D:1      | Reached ** piety under Trog
   530 | D:1      | Reached XP level 3. HP: 31/31 MP: 3/3
  1038 | D:2      | Reached XP level 4. HP: 38/38 MP: 4/4
  1121 | D:3      | Noticed Ijyb
  1131 | D:3      | Killed Ijyb
  1248 | D:3      | Reached skill level 4 in Armour
  1250 | D:3      | Reached XP level 5. HP: 46/46 MP: 5/5
  1538 | D:3      | Found a hide-covered altar of Uskayaw.
  1740 | D:3      | You fall into a shaft and drop 3 floors!
  1776 | D:6      | Noticed a water moccasin
  1789 | D:6      | Killed a water moccasin
  1790 | D:6      | Reached XP level 6. HP: 53/53 MP: 6/6
  1852 | D:6      | Reached skill level 5 in Armour
  2217 | D:5      | Entered Level 5 of the Dungeon
  2261 | D:5      | Gained mutation: You regenerate magic and health when
                  | rolling toward enemies. (Rampage Regen) [Armataur growth]
  2261 | D:5      | Reached XP level 7. HP: 50/60 MP: 7/7
  2338 | D:5      | Reached skill level 5 in Fighting
  2342 | D:5      | Found a sand-covered staircase.
  2350 | Ossuary  | Entered an ossuary
  2378 | Ossuary  | Reached skill level 5 in Maces & Flails
  2404 | Ossuary  | Reached skill level 6 in Armour
  2527 | Ossuary  | Reached *** piety under Trog
  2602 | Ossuary  | Reached XP level 8. HP: 70/70 MP: 8/8
  2797 | D:5      | Found Ufavafryud's Jewellery Shop.
  3013 | D:3      | Found a glowing golden altar of the Shining One.
  3235 | D:4      | Found a transporter.
  3239 | D:4      | Noticed flestrin's ghost (amateur KoHu)
  3244 | D:4      | Reached skill level 7 in Armour
  3247 | D:4      | Found a transporter.
  3759 | D:4      | Identified a scroll of acquirement
  3759 | D:4      | Acquired the ring of Galug {rPois rC+ Int+4 SInv}
  3789 | D:5      | Found a white marble altar of Elyvilon.
  4066 | D:5      | Reached **** piety under Trog
  4067 | D:5      | Reached skill level 8 in Armour
  4416 | D:6      | Found a staircase to the Ecumenical Temple.
  4462 | D:6      | Found a runed translucent door.
  4464 | D:6      | Noticed Mll's ghost (novice GrBe)
  4598 | D:6      | Reached XP level 9. HP: 75/78 MP: 9/9
  5485 | D:7      | Found a shimmering blue altar of Sif Muna.
  5586 | D:7      | Found an ornate altar of the Wu Jian Council.
  5771 | D:7      | Reached skill level 9 in Armour
  6116 | D:8      | Reached skill level 10 in Armour
  6189 | D:8      | Reached XP level 10. HP: 69/88 MP: 10/10
  6620 | D:9      | Noticed Melkor's ghost (novice OnWr)
  6654 | D:9      | Found a runed translucent gate.
  6654 | D:9      | Found a runed translucent gate.
  6654 | D:9      | Found a runed translucent gate.
  6781 | D:9      | Noticed Erica
  6791 | D:9      | Killed Erica
  6930 | D:9      | Found a staircase to the Orcish Mines.
  7050 | D:9      | Reached skill level 11 in Armour
  7281 | D:10     | Entered Level 10 of the Dungeon
  7314 | D:10     | Noticed a two-headed ogre
  7320 | D:10     | Killed a two-headed ogre
  7788 | D:10     | Reached XP level 11. HP: 97/97 MP: 11/11
  7913 | D:10     | Noticed a two-headed ogre
  7921 | D:10     | Killed a two-headed ogre
  7922 | D:10     | Reached skill level 12 in Armour
  8187 | D:11     | Found a frozen archway.
  8200 | IceCv    | Entered an ice cave
  8551 | IceCv    | Reached skill level 10 in Fighting
  8613 | IceCv    | HP: 6/148 [troll simulacrum (5)]
  8613 | IceCv    | Slain by a troll simulacrum

Illustrated notes

Levels and vault maps discovered:
D:1:      psy_arrival_dodecagon, layout_basic
D:2:      layout_rooms
D:3:      layout_loops_corners, mainiacjoe_overflow_paths,
          mainiacjoe_overflow_surrounded_room, uniq_ijyb
D:4:      layout_basic, gammafunk_ghost_mausoleum
D:5:      layout_loops_ring, mainiacjoe_overflow_alcove_1, serial_glass,
          glass_columns_c, glass_columns_c, enter_ossuary_4, serial_shops, shop,
          minivault_19, nicolae_concentric_dashed_squares_mild
D:6:      layout_basic, minmay_temple_entry_statues_pillars,
          gammafunk_ghost_grave
D:7:      layout_basic, nzn_wu_jian_contemplation,
          mainiacjoe_overflow_tiny_flanked
D:8:      layout_loops_ring
D:9:      layout_irregular_city, david_orc_2, gammafunk_ghost_icy, uniq_erica
D:10:     layout_basic, grunt_decor_clamped
D:11:     layout_loops_corners, dpeg_oklobed_lair,
          portal_ice_cave_entry_pillars_1
IceCv:    ice_cave_caverns_01

Skill      XL: |  1  2  3  4  5  6  7  8  9 10 11 |
---------------+----------------------------------+-----
Fighting       | 3 4 5 6 8 9 10 | 10.0
Maces & Flails | 3 4 5 6 8 9 |  9.8
Armour         | 3 4 5 6 8 10 11 12 | 12.3
Dodging        | |  1.3

Action                     |  1- 3 |  4- 6 |  7- 9 | 10-12 || total
---------------------------+-------+-------+-------+-------++-------
  Melee: Mace              |   108 |    10 |       |   209 ||   327
         Tailslap          |     9 |    11 |    77 |    43 ||   140
         Club              |       |    64 |   465 |    30 ||   559
         Punch             |       |       |     5 |     1 ||     6
 Invoke: Berserk           |     1 |     4 |     1 |     3 ||     9
         Trog's Hand       |       |     2 |     8 |    10 ||    20
    Use: Scroll            |       |       |    17 |     3 ||    20
         Potion            |       |       |       |     2 ||     2
 Armour: Animal skin       |    50 |       |       |       ||    50
         Chain mail        |    27 |     6 |       |       ||    33
         Ring mail         |    21 |    31 |   318 |   318 ||   688
  Dodge: Dodged            |    63 |    22 |   162 |   148 ||   395

Table legend: (Time is in decaauts)
 A = Elapsed time spent in this place.
 B = Non-inter-level travel time spent in this place.
 C = Inter-level travel time spent in this place.
 D = Time resting spent in this place.
 E = Time spent auto-exploring this place.
 F = Levels seen in this place.
 G = Mean time per level.
                   A        B        C        D        E       F      G
               +--------+--------+--------+--------+--------+-----+--------+
         Total |   8802 |   8247 |    555 |    422 |   5852 |  13 |  677.1 |
       Dungeon |   7935 |   7380 |    555 |    229 |   5519 |  11 |  721.4 |
       Ossuary |    431 |    431 |      0 |     69 |    167 |   1 |  431.0 |
      Ice Cave |    436 |    436 |      0 |    124 |    166 |   1 |  436.0 |
               +--------+--------+--------+--------+--------+-----+--------+

Top non-repeatable levels by time:
     D:6: 1198 daAuts
     D:3: 968 daAuts
    D:10: 915 daAuts
     D:5: 821 daAuts
     D:9: 791 daAuts
     D:7: 755 daAuts
     D:8: 707 daAuts
     D:4: 610 daAuts
     D:1: 599 daAuts
     D:2: 543 daAuts
   IceCv: 436 daAuts
 Ossuary: 431 daAuts
    D:11: 23 daAuts
